 Dungeon Crawl Stone Soup version 0.26-a0-665-gefeb406119 (webtiles) character file.

Game seed: 3514041432589017069

11946 robertstho the Quickloader (level 12, -2/80 HPs)
             Began as a Kobold Hunter on Oct 14, 2020.
             Was a High Priest of Okawaru.
             Killed from afar by a fire dragon (46 damage)
             ... with a blast of flame
             ... on level 1 of the Lair of Beasts.
             The game lasted 00:27:07 (15809 turns).

robertstho the Quickloader (Kobold Hunter)         Turns: 15809, Time: 00:27:08

Health: -2/80      AC: 17    Str: 17    XL:     12   Next: 14%
Magic:  15/16      EV: 16    Int: 12    God:    Okawaru [*****.]
Gold:   924        SH:  0    Dex: 17    Spells: 11/11 levels left

rFire    . . .     SeeInvis +   a - +2 hand crossbow
rCold    x . .     Faith    .   (shield restricted)
rNeg     + . .     Spirit   .   R - +0 storm dragon scales
rPois    .         Reflect  .   U - +0 hat of the Monkey {rF- rN+ rCorr Str+4}
rElec    +         Harm     .   (no cloak)
rCorr    +         Rampage  .   (no gloves)
MR       .....                  I - +2 pair of boots
Stlth    ++........             h - amulet of the acrobat
HPRegen  0.23/turn              y - ring of see invisible
MPRegen  0.15/turn              E - ring of fire

@: heroism
A: small, nightstalker 3
a: Heroism, Finesse, Renounce Religion


You were on level 1 of the Lair of Beasts.
You worshipped Okawaru.
Okawaru was extremely pleased with you.
You visited 3 branches of the dungeon, and saw 12 of its levels.
You also visited: Ossuary and Bailey.

You collected 924 gold pieces.

Inventory:

Hand Weapons
 a - a +2 hand crossbow (weapon)
 p - a +2 dagger of holy wrath
 x - a +0 dagger of venom
 D - a +0 falchion of pain
 S - a +2 vampiric war axe
 T - the +7 lajatang of Order {silver, rMut}
   (You found it in a bailey)

   It protects you from mutation.
 W - a +0 demon blade
Missiles
 K - 18 bolts (quivered)
Armour
 I - a +2 pair of boots (worn)
 N - the +5 scale mail "Pulaylego" {*Slow rN+ MR+ Int+8}
   (You took it off an orc on level 8 of the Dungeon)

   It affects your intelligence (+8).
   It protects you from negative energy.
   It affects your resistance to hostile enchantments.
   It may slow you when you take damage.
 R - +0 storm dragon scales (worn)
 U - the +0 hat of the Monkey (worn) {rF- rN+ rCorr Str+4}
   (You found it on level 9 of the Dungeon)

   It affects your strength (+4).
   It makes you vulnerable to fire.
   It protects you from negative energy.
   It provides partial protection from all sources of acid and corrosion.
Jewellery
 c - an uncursed ring of magical power
 h - an amulet of the acrobat (around neck)
 y - a ring of see invisible (left hand)
 E - a ring of fire (right hand)
 V - the ring of Tichona {rC+ Int+6}
   (You acquired it in a bailey)

   [ring of intelligence]

   It affects your intelligence (+6).
   It protects you from cold.
Wands
 B - a wand of iceblast (2)
 G - a wand of polymorph (10)
 H - a wand of digging (11)
 L - a wand of random effects (25)
 P - a wand of enslavement (14)
 Q - a wand of flame (24)
Scrolls
 d - 2 scrolls of random uselessness {unknown}
 l - 3 scrolls of magic mapping
 m - 2 scrolls of enchant armour {unknown}
 n - 7 scrolls of immolation
 q - 8 scrolls of teleportation
 r - 2 scrolls of enchant weapon
 s - 2 scrolls of fog
 u - a scroll of torment {unknown}
 w - 4 scrolls of remove curse
 F - a scroll of noise {unknown}
 J - a scroll of holy word {unknown}
 X - a scroll of fear
Potions
 b - 4 potions of ambrosia
 e - 3 potions of flight
 f - 3 potions of heal wounds
 g - 4 potions of haste
 i - 3 potions of lignification
 j - a potion of resistance
 k - 4 potions of might
 o - 2 potions of cancellation
 t - 2 potions of berserk rage
 v - 3 potions of invisibility
 z - 3 potions of stabbing
 C - 4 potions of mutation
 O - a potion of magic


   Skills:
 * Level 11.0(16.0) Fighting
 + Level 4.7(9.7) Short Blades
 + Level 2.9(7.9) Staves
 * Level 13.5(18.5) Crossbows
 + Level 4.6(9.6) Armour
 + Level 6.0(11.0) Dodging
 + Level 4.8(9.8) Stealth
 * Level 5.6 Invocations
 + Level 1.8 Evocations


You had 11 spell levels left.
You didn't know any spells.
Your spell library contained the following spells:

 Spells                   Type           Power        Failure   Level
 Magic Dart               Conj           #...         97%         1
 Shock                    Conj/Air       #...         97%         1
 Summon Small Mammal      Summ           #...         97%         1
 Blink                    Tloc           N/A          99%         2
 Call Imp                 Summ           #.......     99%         2
 Slow                     Hex            #.......     99%         2
 Swiftness                Air            #.......     99%         2
 Call Canine Familiar     Summ           #.......     100%        3
 Conjure Flame            Conj/Fire      #.......     100%        3
 Mephitic Cloud           Conj/Pois/Air  #.......     100%        3
 Static Discharge         Conj/Air       #.......     100%        3
 Summon Guardian Golem    Hex/Summ       #.......     100%        3
 Airstrike                Air            #.........   100%        4
 Summon Ice Beast         Ice/Summ       #.......     100%        4
 Summon Lightning Spire   Summ/Air       #.......     100%        4
 Lightning Bolt           Conj/Air       #.........   100%        5


Dungeon Overview and Level Annotations

Branches:
Dungeon (10/15)            Temple (1/1) D:5            Lair (1/6) D:10
Ossuary (visited)          Bailey (visited)
    Orc: D:9-12

Altars:
Ashenzari
Cheibriados
Dithmenos
Elyvilon
Fedhas
Hepliaklqana
Kikubaaqudgha
Makhleb
Nemelex Xobeh
Okawaru
Qazlal
Ru
Vehumet
Wu Jian
Xom
Yredelemnul
Zin

Shops:
D:10 (

Portals:
Abyss: D:4

Annotations:
D:3 1 runed translucent door, LufLufFighter's ghost, weakling DsWz
D:4 2 transporters, om's ghost, amateur GrBe


Innate Abilities, Weirdness & Mutations

You are small and have problems with some larger weapons.
You are completely attuned to the shadows.


Message History

The fire dragon tramples you.
You stumble backwards!
You shoot a bolt. The bolt hits the fire dragon!!
The fire dragon is lightly wounded.
The fire dragon breathes flames at you. The blast of flame misses you.
You shoot a bolt. The bolt hits the fire dragon.
The fire dragon is moderately wounded.
The fire dragon closely misses you. The fire dragon claws you.
The fire dragon tramples you.
You stumble backwards!
You shoot a bolt.
The bolt closely misses the fire dragon.
You hear a sizzling splash.
The fire dragon bites you but does no damage.
The fire dragon claws you. The fire dragon misses you.
You shoot a bolt. The bolt hits the fire dragon.
The fire dragon is moderately wounded.
The fire dragon breathes flames at you. The blast of flame hits you!!!
Ouch! That really hurt!
You die...

#### #.#.....# ...#
##.......# ##.#
#........# #.#
########## ##.# ...#
#### ≈§≈ ## ######§§§
.# ####.@.≈≈§≈≈ .######
##.....D.≈≈≈≈
......#####.......v≈§≈≈
#####.............§§§§≈
#####..÷......≈§§§$
###......≈≈§§.$
##...§§≈§§..(
###..≈≈≈§.. ####§§≈##


You could see a fire dragon (catching breath) and a fire vortex.

Vanquished Creatures
  An unseen horror (D:10)
  An orc knight (Bailey)
  2 deep elf magi (D:9)
  2 cane toads (Lair:1)
  A rime drake (Lair:1)
  A wraith (Ossuary)
  9 yaks (Lair:1)
  A basilisk (Lair:1)
  7 water moccasins
  A floating eye (Bailey)
  2 ice beasts
  A swamp drake (D:9)
  A hornet zombie (D:10)
  2 sky beasts
  4 phantoms
  4 black bears
  8 orc warriors
  3 necrophages
  7 ogres
  3 centaurs
  4 big kobolds
  9 bullfrogs
  2 gnoll sergeants
  A water moccasin zombie (D:6)
  3 scorpions
  7 killer bees
  4 wights (D:10)
  6 electric eels
  A howler monkey (D:8)
  A crimson imp (D:9)
  A quasit (D:8)
  7 hounds
  2 jellies
  2 orc priests (D:10)
  A bullfrog zombie (D:10)
  An iron imp (D:9)
  An iguana (D:6)
  4 worker ants
  6 orc wizards
  A killer bee zombie (D:8)
  2 hound skeletons
  A mummy (Ossuary)
  9 gnolls
  A howler monkey skeleton (D:6)
  8 adders
  A shadow imp (D:9)
  4 white imps
  An ufetubus (D:9)
  An ooze (D:6)
  An adder skeleton (D:7)
  A worm (D:3)
  4 dart slugs
  6 leopard geckos
  42 orcs
  A giant cockroach (D:1)
  10 hobgoblins
  14 jackals
  4 quokkas
  2 ball pythons
  2 bats
  4 frilled lizards
  4 gnoll skeletons (Ossuary)
  13 goblins
  A jackal skeleton (D:5)
  12 kobolds
  5 kobold skeletons (Ossuary)
  16 orc skeletons (Ossuary)
  2 quokka skeletons
  8 rats
305 creatures vanquished.

Vanquished Creatures (collateral kills)
  An orc high priest (Bailey)
  An orc sorcerer (Bailey)
  2 orc warriors (Bailey)
  2 orcs (Bailey)
  2 goblins (Bailey)
  A hobgoblin (Bailey)
9 creatures vanquished.

Vanquished Creatures (others)
  17 plants (Lair:1)
17 creatures vanquished.

Grand Total: 331 creatures vanquished

Notes
Turn   | Place    | Note
-------+----------+-------------------------------------------
     0 | D:1      | robertstho the Kobold Hunter began the quest for the Orb.
     0 | D:1      | Reached XP level 1. HP: 12/12 MP: 1/1
    49 | D:1      | Reached skill level 5 in Crossbows
   154 | D:1      | Reached XP level 2. HP: 17/17 MP: 2/2
   464 | D:1      | Reached XP level 3. HP: 22/22 MP: 3/3
  1152 | D:2      | Reached XP level 4. HP: 27/27 MP: 4/4
  1617 | D:2      | Reached skill level 6 in Crossbows
  1760 | D:2      | Found a sacrificial altar of Ru.
  1995 | D:3      | Reached XP level 5. HP: 32/32 MP: 5/5
  2034 | D:3      | Reached skill level 1 in Armour
  2334 | D:3      | Found an ornate altar of the Wu Jian Council.
  2398 | D:3      | Found a runed translucent door.
  2400 | D:3      | Noticed LufLufFighter's ghost (weakling DsWz)
  2995 | D:4      | Found a transporter.
  2996 | D:4      | Found a transporter.
  3008 | D:4      | Noticed a small abomination
  3019 | D:4      | Found a one-way gate to the infinite horrors of the Abyss.
  3019 | D:4      | Noticed om's ghost (amateur GrBe)
  3226 | D:4      | Found a burning altar of Makhleb.
  3298 | D:5      | Entered Level 5 of the Dungeon
  3348 | D:5      | Reached skill level 7 in Crossbows
  3348 | D:5      | Reached XP level 6. HP: 18/38 MP: 6/6
  3655 | D:5      | Found a basalt altar of Yredelemnul.
  3658 | D:5      | Found a hazy altar of Hepliaklqana.
  3659 | D:5      | Found a faded altar of an unknown god.
  3660 | D:5      | Found a stormy altar of Qazlal.
  3665 | D:5      | Found a white marble altar of Elyvilon.
  3797 | D:5      | Found a staircase to the Ecumenical Temple.
  3825 | Temple   | Entered the Ecumenical Temple
  3905 | Temple   | Became a worshipper of Warmaster Okawaru
  4078 | D:5      | Noticed a necrophage
  4082 | D:5      | Killed a necrophage
  4082 | D:5      | Reached XP level 7. HP: 43/43 MP: 7/7
  4210 | D:5      | Found a broken altar of Ashenzari.
  4236 | D:5      | Reached * piety under Okawaru
  4236 | D:5      | Reached skill level 8 in Crossbows
  4777 | D:6      | Found a sand-covered staircase.
  4783 | Ossuary  | Entered an ossuary
  4854 | Ossuary  | Noticed a wraith
  4874 | Ossuary  | Killed a wraith
  4874 | Ossuary  | Reached skill level 9 in Crossbows
  4874 | Ossuary  | Reached XP level 8. HP: 25/48 MP: 5/8
  5185 | Ossuary  | Noticed a wraith
  5187 | Ossuary  | Noticed a wraith
  5192 | Ossuary  | Noticed a wraith
  5253 | D:6      | Reached ** piety under Okawaru
  5253 | D:6      | Reached skill level 5 in Fighting
  5466 | D:6      | Reached skill level 1 in Short Blades
  6450 | D:6      | Reached XP level 9. HP: 52/55 MP: 9/9
  6550 | D:6      | Reached skill level 10 in Crossbows
  6725 | D:6      | Reached *** piety under Okawaru
  6927 | D:6      | Reached skill level 1 in Evocations
  7482 | D:7      | Reached skill level 11 in Crossbows
  7482 | D:7      | Reached skill level 1 in Invocations
  8605 | D:8      | Reached XP level 10. HP: 35/63 MP: 11/11
  9024 | D:8      | Identified the +5 scale mail "Pulaylego" {*Slow rN+ MR+
                  | Int+8}
  9030 | D:8      | Received a gift from Okawaru
  9483 | D:8      | Reached **** piety under Okawaru
  9623 | D:8      | Reached skill level 5 in Dodging
 10207 | D:9      | Noticed a deep elf mage
 10218 | D:9      | Killed a deep elf mage
 10452 | D:9      | Noticed a deep elf mage
 10466 | D:9      | Killed a deep elf mage
 10466 | D:9      | Received a gift from Okawaru
 10466 | D:9      | Reached skill level 12 in Crossbows
 10475 | D:9      | Got a steaming hat
 10520 | D:9      | Identified the +0 hat of the Monkey {rF- rN+ rCorr Str+4}
                  | (You found it on level 9 of the Dungeon)
 10613 | D:9      | Found a flagged portal.
 10620 | Bailey   | Entered a bailey
 10699 | Bailey   | Noticed an orc high priest
 10700 | Bailey   | Noticed an orc knight
 10703 | Bailey   | Noticed an orc sorcerer
 10727 | Bailey   | Noticed a sun demon
 10727 | Bailey   | Killed an orc high priest
 10727 | Bailey   | Reached ***** piety under Okawaru
 10741 | Bailey   | Killed an orc sorcerer
 10741 | Bailey   | Reached XP level 11. HP: 55/71 MP: 13/13
 10776 | Bailey   | an orc knight changed into a floating eye
 11223 | Bailey   | Found an iron altar of Okawaru.
 11277 | Bailey   | Noticed an orc knight
 11291 | Bailey   | Killed an orc knight
 11291 | Bailey   | Reached skill level 10 in Fighting
 11480 | Bailey   | Got a pair of faintly humming boots
 11491 | Bailey   | Found the +7 lajatang of Order {silver, rMut}
 11848 | Bailey   | Acquired the ring of Tichona {rC+ Int+6}
 12307 | D:9      | Noticed an angel
 12308 | D:9      | Found a glowing silver altar of Zin.
 12320 | D:9      | Found a shimmering altar of Xom.
 12544 | D:9      | Identified the +1 pair of boots of Toaxuc {Int+6} (You
                  | found it in a bailey)
 12578 | D:10     | Entered Level 10 of the Dungeon
 12804 | D:10     | Reached skill level 13 in Crossbows
 12807 | D:10     | Found a staircase to the Lair.
 13042 | D:10     | Received a gift from Okawaru
 13042 | D:10     | Reached skill level 5 in Invocations
 13161 | D:10     | Noticed an unseen horror
 13169 | D:10     | Killed an unseen horror
 13407 | D:10     | Found Uwoy's Antique Weapon Emporium.
 13583 | D:10     | Reached skill level 1 in Staves
 13719 | Lair:1   | Entered Level 1 of the Lair of Beasts
 14463 | Lair:1   | Reached XP level 12. HP: 54/79 MP: 16/16
 15384 | Lair:1   | Received a gift from Okawaru
 15801 | Lair:1   | Noticed a fire dragon
 15809 | Lair:1   | Killed from afar by a fire dragon

Illustrated notes

Levels and vault maps discovered:
D:1:      minmay_arrival_wavy_path, layout_loops_cross
D:2:      layout_loops_ring, nicolae_overflow_hidden_temple,
          kennysheep_generic_room_13
D:3:      layout_loops_ring, lemuel_coloured_pillars_altar,
          ebering_ghost_inner_flame
D:4:      layout_rooms, gammafunk_ghost_abyssal_escape,
          makhleb_blood_cavern_becter
D:5:      layout_cave_pools, overflow_temple_1_default,
          chequers_temple_overflow_minitemple, minmay_temple_entry_overgrown
D:6:      layout_basic, nicolae_ossuary_entry_ruins, minmay_quadrilaterals
D:7:      layout_loops_ring, grunt_ministairs_3
D:8:      layout_basic, minmay_bent
D:9:      minmay_general_purpose_star, layout_basic,
          grunt_temple_overflow_order_and_chaos_1, enter_bailey_6,
          hangedman_minor_magic
D:10:     layout_roguey, lair_entry_dummy, serial_shops, shop
Temple:   dshaligram_water_room_temple
Lair:1:   dragon1_lemuel, layout_cave_pods, minivault_11, serial_bayou_shore_a

Skill      XL: |  1  2  3  4  5  6  7  8  9 10 11 12 |
---------------+-------------------------------------+-----
Crossbows      | 5 6 7 9 11 12 13 | 13.5
Fighting       | 3 4 5 7 9 10 11 | 11.0
Armour         | 1 2 3 4 |  4.6
Stealth        | 2 3 4 |  4.8
Dodging        | 3 4 5 6 |  6.0
Short Blades   | 3 4 |  4.7
Evocations     | 1 |  1.8
Invocations    | 1 3 5 |  5.6
Staves         | 2 |  2.9

Action                   |  1- 3 |  4- 6 |  7- 9 | 10-12 || total
-------------------------+-------+-------+-------+-------++-------
Melee: Dagger            |       |       |   183 |    61 ||   244
       Lajatang          |       |       |       |    89 ||    89
       Punch             |       |       |       |     1 ||     1
 Fire: Hand crossbow     |    53 |    97 |   169 |   469 ||   788
Invok: Heroism           |       |       |     5 |     8 ||    13
Evoke: Wand              |       |       |     5 |    10 ||    15
  Use: Potion            |       |     1 |     2 |     1 ||     4
       Scroll            |       |       |    18 |     4 ||    22
 Stab: Sleeping          |       |       |     5 |       ||     5
Armor: Leather armour    |     4 |    14 |    26 |    22 ||    66
       Scale mail        |       |       |       |    46 ||    46
       Storm dragon scal |       |       |       |    90 ||    90
Dodge: Dodged            |     8 |    34 |   182 |   324 ||   548

Table legend: (Time is in decaauts)
 A = Elapsed time spent in this place.
 B = Non-inter-level travel time spent in this place.
 C = Inter-level travel time spent in this place.
 D = Time resting spent in this place.
 E = Time spent auto-exploring this place.
 F = Levels seen in this place.
 G = Mean time per level.
                   A        B        C        D        E       F      G
               +--------+--------+--------+--------+--------+-----+--------+
         Total |  15843 |  15517 |    326 |   1719 |  11325 |  14 | 1131.6 |
       Dungeon |  11818 |  11513 |    305 |   1133 |   8661 |  10 | 1181.8 |
        Temple |    100 |     80 |     20 |      0 |     56 |   1 |  100.0 |
          Lair |   2124 |   2124 |      0 |      0 |   1870 |   1 | 2124.0 |
       Ossuary |    420 |    420 |      0 |      0 |    296 |   1 |  420.0 |
        Bailey |   1378 |   1378 |      0 |    586 |    440 |   1 | 1378.0 |
               +--------+--------+--------+--------+--------+-----+--------+

Top non-repeatable levels by time:
  Lair:1: 2124 daAuts
     D:6: 1887 daAuts
     D:8: 1625 daAuts
  Bailey: 1378 daAuts
     D:5: 1359 daAuts
     D:7: 1293 daAuts
     D:9: 1183 daAuts
    D:10: 1146 daAuts
     D:3: 1058 daAuts
     D:2: 991 daAuts
     D:1: 816 daAuts
     D:4: 455 daAuts
 Ossuary: 420 daAuts
  Temple: 100 daAuts
